 Dungeon Crawl Stone Soup version 0.20-a0-1127-g1289703 (webtiles) character file.

299 MydosGodOfBeginnings the Vandal (level 6, -4/62 HPs)
             Began as an Ogre Hunter on May 18, 2017.
             Slain by nht's ghost (9 damage)
             ... on level 4 of the Dungeon.
             The game lasted 00:13:31 (3682 turns).

MydosGodOfBeginnings the Vandal (Ogre Hunter)       Turns: 3682, Time: 00:13:32

Health: -4/62      AC:  3    Str: 17    XL:     6   Next: 36%
Magic:  6/6        EV: 10    Int: 12    God:
Gold:   218        SH:  3    Dex: 11    Spells: 5/5 levels left

rFire    + . .     SeeInvis +   z - +0 flail
rCold    + . .     Gourm    .   (no shield)
rNeg     . . .     Faith    .   c - +0 robe
rPois    +         Spirit   .   (helmet restricted)
rElec    +         Reflect  +   (no cloak)
rCorr    +         Harm     .   (gloves unavailable)
MR       .....                  (boots unavailable)
Stlth    ..........             g - +3 amulet of reflection (curse)
Regen    0.2/turn               p - ring of see invisible
MPRegen  0.1/turn               s - ring of loudness (curse)

@: resistant, very slightly contaminated, invisible
A: unfitting armour, tough skin 1
a: no special abilities


You were on level 4 of the Dungeon.
You were hungry.

You visited 1 branch of the dungeon, and saw 4 of its levels.

You collected 218 gold pieces.

Inventory:

Hand Weapons
 a - a +1 hunting sling
 z - a +0 flail (weapon)
Missiles
 d - 64 sling bullets
 j - 149 stones
 m - 17 poisoned needles
 o - 3 large rocks (quivered)
 x - 5 tomahawks
Armour
 c - a +0 robe (worn)
Jewellery
 g - a cursed +3 amulet of reflection (around neck)
 p - a ring of see invisible (left hand)
 s - a cursed ring of loudness (right hand)
Wands
 t - a wand of clouds (2/9)
 v - a wand of disintegration (13/24)
Scrolls
 i - a scroll of amnesia {unknown}
 k - a scroll of teleportation {unknown}
 l - a scroll of identify {unknown}
 q - a scroll of remove curse {unknown}
 r - a scroll of random uselessness {unknown}
 y - a scroll of enchant weapon {unknown}
Potions
 n - 4 potions of curing
Comestibles
 f - 3 bread rations
 w - a meat ration


   Skills:
 + Level 3.7 Fighting
 * Level 1.7 Maces & Flails
 * Level 4.6 Slings
 * Level 1.0(3.9) Throwing
 * Level 2.7 Dodging
 - Level 0.6 Stealth


You had 5 spell levels left.
You didn't know any spells.

Dungeon Overview and Level Annotations

Branches:
Dungeon (4/15)
 Temple: D:4-7

Altars:
Gozag
Sif Muna

Annotations:
D:4 nht's ghost, novice OgBe


Innate Abilities, Weirdness & Mutations

You are too large for most types of armour.
You have tough skin. (AC +1)


Message History

It was a potion of curing.
You feel better. Nht's ghost hits you.
It was a potion of magic.
Magic courses through your body. Nht's ghost hits you!
* * * LOW HITPOINT WARNING * * *
You sock nht's ghost!
Nht's ghost is moderately damaged.
Nht's ghost hits you.
* * * LOW HITPOINT WARNING * * *
You hit nht's ghost but do no damage.
Nht's ghost is moderately damaged.
Nht's ghost barely misses you.
You closely miss nht's ghost.
Nht's ghost is moderately damaged.
Nht's ghost misses you.
You closely miss nht's ghost.
Nht's ghost is moderately damaged.
Nht's ghost hits you.
* * * LOW HITPOINT WARNING * * *
Nht's ghost hits you!
You die...

..#'##########.#######.#
#..............# #.#
...............# #.#
##.............# #.#
#.............#######.#
#.............#.......#
#..รท..........#.#######
##'############.# #.#
#@# ###.##### #W#
..[.....# #.# ........#
#.# ........# #.#
........# #.# ...(...W#
#.# .......<# #.#
..#.##### #.#


You could see nht's ghost.

Vanquished Creatures
  An ogre (D:3)
  An orc priest (D:3)
  An orc wizard (D:3)
  9 adders
  2 worms
  A dart slug (D:1)
  2 leopard geckos (D:2)
  7 orcs (D:3)
  2 ball pythons (D:1)
  2 bats
  A giant cockroach (D:2)
  9 goblins
  8 hobgoblins
  4 kobolds
  A quokka (D:2)
  6 frilled lizards
  A jackal skeleton (D:4)
  A quokka skeleton (D:4)
  9 rats
68 creatures vanquished.

Notes
Turn   | Place    | Note
-------+----------+-------------------------------------------
     0 | D:1      | MydosGodOfBeginnings the Ogre Hunter began the quest for the Orb.
     0 | D:1      | Reached XP level 1. HP: 22/22 MP: 1/1
    92 | D:1      | Reached skill level 3 in Slings
   168 | D:1      | Reached XP level 2. HP: 29/29 MP: 2/2
   842 | D:2      | Reached XP level 3. HP: 35/37 MP: 3/3
  1441 | D:2      | Reached XP level 4. HP: 45/45 MP: 4/4
  1513 | D:2      | Found a deep blue altar of Sif Muna.
  1771 | D:2      | Reached skill level 4 in Slings
  2283 | D:3      | Reached skill level 1 in Maces & Flails
  2318 | D:3      | Noticed an ogre
  2572 | D:3      | Reached XP level 5. HP: 53/53 MP: 5/5
  2583 | D:3      | Found an opulent altar of Gozag.
  2840 | D:3      | Killed an ogre
  2840 | D:3      | Reached XP level 6. HP: 49/62 MP: 6/6
  3124 | D:4      | Noticed nht's ghost (novice OgBe)
  3385 | D:4      | Reached skill level 1 in Throwing
  3682 | D:4      | Slain by nht's ghost

Vault maps used:
D:1:      dpeg_arrival_rooms_a, kennysheep_pointless_box, st_stairs_7,
          minivault_4
D:2:      lemuel_crystal_altar
D:3:      grunt_gozag_breadcrumbs
D:4:      minmay_temple_entry_junction, first_bread, serial_shops, shop,
          minmay_misc_feat_x

Skill      XL: |  1  2  3  4  5  6 |
---------------+-------------------+-----
Slings         | 3 4 |  4.6
Dodging        | 2 |  2.7
Fighting       | 3 |  3.7
Maces & Flails | 1 |  1.7
Throwing       | 1 |  1.0
Stealth        | |  0.6

Action                   |  1- 3 |  4- 6 || total
-------------------------+-------+-------++-------
Melee: Short sword       |     4 |       ||     4
       Mace              |    23 |    51 ||    74
       Flail             |       |    35 ||    35
 Fire: Hunting sling     |    56 |    58 ||   114
Throw: Stone             |       |    10 ||    10
       Large rock        |       |     3 ||     3
  Use: Potion            |       |     4 ||     4
       Scroll            |       |     1 ||     1
  Eat: Chunk             |     1 |     7 ||     8
Armor: Robe              |     6 |    19 ||    25
Dodge: Dodged            |    15 |    58 ||    73
Block: Other             |     3 |    15 ||    18
       Reflection        |     1 |     1 ||     2
